 Dungeon Crawl Stone Soup version 0.29-a0-414-g5075937ec3 (webtiles) character file.

Game seed: 11566109983874576963

1610 SuperStayin the Cleaver (level 8, -8/71 HPs)
             Began as a Hill Orc Berserker on May 15, 2022.
             Was a Believer of Trog.
             Mangled by Heh's ghost (16 damage)
             ... on level 8 of the Dungeon.
             The game lasted 00:44:55 (2995 turns).

SuperStayin the Cleaver (Hill Orc Berserker)        Turns: 2995, Time: 00:44:56

Health: -8/71      AC: 12    Str: 22    XL:     8   Next: 95%
Magic:  8/8        EV: 10    Int: 12    God:    Trog [**....]
Gold:   302        SH:  0    Dex: 10    Spells: 7/7 levels left

rFire   + . .      SeeInvis .   l - +5 war axe "Lotewn" {elec, Will+ Int+5}
rCold   x . .      Faith    .   (no shield)
rNeg    . . .      Spirit   .   n - +0 scale mail
rPois   .          Reflect  .   f - +0 helmet
rElec   .          Harm     .   (no cloak)
rCorr   .          Rampage  .   u - +2 pair of gloves
Will    +....                   (no boots)
Stlth   ..........              (no amulet)
HPRegen 0.21/turn               e - ring of fire {Super}
MPRegen 0.11/turn               (no ring)

@: no status effects
A: no striking features
a: Renounce Religion, Berserk, Trog's Hand


You were on level 8 of the Dungeon.
You worshipped Trog.
Trog was pleased with you.
You visited 1 branch of the dungeon, and saw 7 of its levels.

You collected 302 gold pieces.

Inventory:

Hand Weapons
 c - a +2 dagger of draining
 g - a +0 whip of flaming
 l - the +5 war axe "Lotewn" (weapon) {elec, Will+ Int+5}
   (You found it on level 2 of the Dungeon)

   It occasionally discharges a powerful burst of electricity upon striking a
   foe.
   Int:       It affects your intelligence (+5).
   Will:      It increases your willpower.
Missiles
 k - 2 javelins (quivered)
 y - a throwing net
Armour
 f - a +0 helmet (worn)
 n - a +0 scale mail (worn)
 u - a +2 pair of gloves (worn)
Magical Staves
 i - a staff of death
Jewellery
 e - a ring of fire (left hand) {Super}
 D - a ring of resist corrosion
Wands
 a - a wand of mindburst (20)
 E - a wand of polymorph (3)
Scrolls
 h - 3 scrolls of vulnerability {unknown}
 o - 3 scrolls of blinking {unknown}
 q - a scroll of immolation {unknown}
 r - 2 scrolls of amnesia {unknown}
 t - a scroll of enchant armour {unknown}
 v - a scroll of identify {unknown}
 w - a scroll of magic mapping {unknown}
 z - a scroll of fog {unknown}
 B - a scroll of teleportation {unknown}
 C - a scroll of enchant weapon {unknown}
Potions
 b - a potion of degeneration {unknown}
 d - a potion of mutation {unknown}
 j - a potion of curing {unknown}
 m - a potion of invisibility {unknown}
 p - 4 potions of heal wounds {unknown}
 s - a potion of ambrosia {unknown}
 x - a potion of lignification {unknown}
 A - 2 potions of might {unknown}


   Skills:
 + Level 6.6 Fighting
 + Level 1.3 Short Blades
 + Level 9.9 Axes
 + Level 5.8 Armour
 + Level 2.9 Dodging
 + Level 1.0 Stealth
 - Level 0.3 Spellcasting
 - Level 0.5 Necromancy
 + Level 2.7 Evocations


You had 7 spell levels left.
You didn't know any spells.
Your spell library contained the following spells:

 Spells                   Type           Power      Damage    Failure   Level
 Pain                     Necr           4%         1d4       54%         1
 Magic Dart               Conj           0%         1d3       61%         1
 Searing Ray              Conj           0%         2d4       75%         2
 Gell's Gravitas          Tloc           0%         N/A       93%         3
 Inner Flame              Hex/Fire       0%         N/A       93%         3
 Ozocubu's Armour         Ice            0%         N/A       93%         3
 Teleport Other           Tloc           0%         N/A       93%         3
 Cause Fear               Hex            0%         N/A       100%        4
 Fulminant Prism          Conj/Hex       0%         3d6       100%        4
 Agony                    Necr           1%         N/A       100%        5
 Excruciating Wounds      Necr           0%         N/A       100%        5
 Metabolic Englaciation   Hex/Ice        0%         N/A       100%        5
 Dispersal                Tloc           0%         N/A       100%        6
 Simulacrum               Ice/Necr       0%         N/A       100%        6
 Discord                  Hex            0%         N/A       100%        8


Dungeon Overview and Level Annotations

Branches:
Dungeon (8/15)
 Temple: D:4-7         Lair: D:8-11

Altars:
Yredelemnul

Shops:
D:1 *(

Annotations:
D:8 Heh's ghost, novice OpFi


Message History

Heh's ghost says, "Crushing you to a pulp will hurt a lot.
After that?
Painless!
I promise!"
Heh's ghost barely misses you.
You slash Heh's ghost! You punch Heh's ghost.
Heh's ghost is lightly damaged.
Heh's ghost hits you but does no damage.
You miss Heh's ghost.
Heh's ghost is lightly damaged.
Heh's ghost barely misses you.
You closely miss Heh's ghost.
Heh's ghost is lightly damaged.
Heh's ghost hits you.
You closely miss Heh's ghost.
Heh's ghost is lightly damaged.
Heh's ghost barely misses you.
You slash Heh's ghost! Your punch misses Heh's ghost.
Heh's ghost is moderately damaged.
Heh's ghost closely misses you.
You slash Heh's ghost!
Heh's ghost is moderately damaged.
Heh's ghost hits you but does no damage.
You are electrocuted!
You miss Heh's ghost.
Heh's ghost is moderately damaged.
Heh's ghost hits you but does no damage.
You are electrocuted!!
You slash Heh's ghost! Lightning courses through Heh's ghost!!
Heh's ghost is almost destroyed.
Heh's ghost barely misses you.
You slash Heh's ghost!
Heh's ghost is almost destroyed.
Heh's ghost hits you.
* * * LOW HITPOINT WARNING * * *
You closely miss Heh's ghost.
Heh's ghost is almost destroyed.
Heh's ghost hits you.
* * * LOW HITPOINT WARNING * * *
Heh's ghost hits you.
* * * LOW HITPOINT WARNING * * *
You are electrocuted!
You die...

#..................'..
##..........#########..
#............. ###
#.############. #.#
##### #.# ##...## #.#
#.._..# #.####...###
#.##..@....#
#.##)#'W'#.#
#)##)#...#.#
#.)..#)$?#..+
#############


You could see Heh's ghost.

Vanquished Creatures
  Maurice (D:8)
  A hornet (D:8)
  A sky beast (D:7)
  A black bear (D:7)
  Blork the orc (D:6)
  2 bullfrogs (D:6)
  A wyvern zombie (D:8)
  A scorpion (D:3)
  5 wights (D:8)
  3 killer bees (D:8)
  A jelly (D:6)
  Terence (D:2)
  An iguana (D:6)
  A killer bee zombie (D:8)
  4 gnolls (D:6)
  3 adders (D:2)
  A shadow imp (D:7)
  A white imp (D:8)
  An ufetubus (D:4)
  A worm (D:2)
  3 orcs (D:8)
  2 bats (D:1)
  2 endoplasms
  4 giant cockroaches
  2 goblins
  2 hobgoblins
  4 kobolds
  4 ball pythons
  2 rats (D:1)
57 creatures vanquished.

Notes
Turn   | Place    | Note
-------+----------+-------------------------------------------
     0 | D:1      | SuperStayin the Hill Orc Berserker began the quest for the
                  | Orb.
     0 | D:1      | Reached XP level 1. HP: 19/19 MP: 1/1
    48 | D:1      | Found Elun's Assorted Antiques.
   221 | D:1      | Found Teoq's Weapon Shop.
   236 | D:1      | Reached XP level 2. HP: 27/27 MP: 2/2
   538 | D:2      | Identified the +5 war axe "Lotewn" {elec, Will+ Int+5}
   569 | D:2      | Noticed Terence
   575 | D:2      | Killed Terence
   576 | D:2      | Reached XP level 3. HP: 23/34 MP: 3/3
   928 | D:2      | Reached XP level 4. HP: 35/41 MP: 4/4
  1313 | D:2      | Reached skill level 5 in Axes
  1368 | D:3      | Identified the +9 dagger "Cihis" {spect, rPois rN+ Str+4
                  | Dex-4 SInv}
  1587 | D:3      | Noticed a scorpion
  1592 | D:3      | Killed a scorpion
  1593 | D:3      | Reached skill level 5 in Fighting
  1593 | D:3      | Reached XP level 5. HP: 45/48 MP: 5/5
  1672 | D:4      | Reached skill level 1 in Evocations
  1685 | D:4      | You fall into a shaft and drop 2 floors!
  1702 | D:6      | Noticed Blork the orc
  1708 | D:6      | Killed Blork the orc
  1708 | D:6      | Reached ** piety under Trog
  1709 | D:6      | Reached skill level 1 in Short Blades
  1759 | D:6      | Reached XP level 6. HP: 56/56 MP: 6/6
  1815 | D:6      | Reached skill level 6 in Axes
  2064 | D:7      | Noticed a black bear
  2065 | D:7      | Reached XP level 7. HP: 61/61 MP: 7/7
  2107 | D:7      | Reached skill level 7 in Axes
  2470 | D:8      | Noticed a hornet
  2479 | D:8      | Killed a hornet
  2480 | D:8      | Reached skill level 8 in Axes
  2480 | D:8      | Reached XP level 8. HP: 15/70 MP: 8/8
  2846 | D:8      | Noticed Maurice
  2855 | D:8      | Killed Maurice
  2856 | D:8      | Reached skill level 9 in Axes
  2856 | D:8      | Reached skill level 1 in Stealth
  2880 | D:8      | Found a runed translucent gate.
  2880 | D:8      | Found a runed translucent gate.
  2880 | D:8      | Found a runed translucent gate.
  2880 | D:8      | Noticed Heh's ghost (novice OpFi)
  2885 | D:8      | Reached skill level 5 in Armour
  2958 | D:8      | Found a basalt altar of Yredelemnul.
  2995 | D:8      | Mangled by Heh's ghost

Illustrated notes

Levels and vault maps discovered:
D:1:      amcnicky_arrival_blooded_trapdoor, layout_basic, serial_shops,
          shop_statue, nicolae_shop_bloodbath_and_beyond, shop,
          minmay_tetromino_o2
D:2:      layout_rooms, st_stairs_6, minmay_distorted, uniq_terence
D:3:      layout_rooms, serial_shops, nicolae_shop_waterfront, uniq_jessica
D:4:      nicolae_BIG_FREAKIN_CUBE, layout_loops_ring, st_stairs_9,
          minmay_manual_mares, uniq_menkaure
D:6:      layout_gridville, grunt_ministairs_6, nicolae_elevator_lobby_asterisk,
          uniq_blork_the_orc, uniq_crazy_yiuf_cottage
D:7:      layout_loops_ring, minmay_temple_entry_poolview, item_on_display_a
D:8:      due_megacathedral, layout_basic, nicolae_yredelemnul_ghost_church,
          uniq_maurice, uniq_prince_ribbit1

Skill      XL: |  1  2  3  4  5  6  7  8 |
---------------+-------------------------+-----
Fighting       | 4 5 6 |  6.6
Axes           | 5 6 8 9 |  9.9
Dodging        | 2 |  2.9
Evocations     | 1 2 |  2.7
Short Blades   | 1 |  1.3
Armour         | 3 4 5 |  5.8
Stealth        | 1 |  1.0
Spellcasting   | |  0.3
Necromancy     | |  0.5

Action                   |  1- 3 |  4- 6 |  7- 9 || total
-------------------------+-------+-------+-------++-------
Melee: Hand axe          |    14 |       |       ||    14
       Dagger            |    11 |       |       ||    11
       War axe           |    18 |    38 |    70 ||   126
       Punch             |       |       |     1 ||     1
Invok: Berserk           |     2 |       |       ||     2
Evoke: Wand              |       |     7 |       ||     7
Armor: Animal skin       |     4 |       |       ||     4
       Leather armour    |     2 |       |       ||     2
       Scale mail        |     7 |    23 |    27 ||    57
Dodge: Dodged            |    25 |    20 |    28 ||    73

Table legend: (Time is in decaauts)
 A = Elapsed time spent in this place.
 B = Non-inter-level travel time spent in this place.
 C = Inter-level travel time spent in this place.
 D = Time resting spent in this place.
 E = Time spent auto-exploring this place.
 F = Levels seen in this place.
 G = Mean time per level.
                   A        B        C        D        E       F      G
               +--------+--------+--------+--------+--------+-----+--------+
         Total |   3044 |   1350 |   1694 |    677 |      0 |   7 |  434.9 |
       Dungeon |   3044 |   1350 |   1694 |    677 |      0 |   7 |  434.9 |
               +--------+--------+--------+--------+--------+-----+--------+

Top non-repeatable levels by time:
     D:8: 757 daAuts
     D:1: 706 daAuts
     D:2: 693 daAuts
     D:6: 361 daAuts
     D:3: 292 daAuts
     D:7: 203 daAuts
     D:4: 29 daAuts
